Influenza vs Punishers
Created - 7 février 2015 at 19:10
Goals
|
Influenza |
0 |
1 |
3 |
4 |
Punishers |
2 |
2 |
5 |
9 |
|
Shots
|
Influenza |
9 |
12 |
11 |
32 |
Punishers |
16 |
10 |
14 |
40 |
|
1st period
1. Punishers , Adam Pineault 14 (Kris Chucko, Mike Weber) at 5:13
2. Punishers , Mike Grier 26 (Tanner Glass, Petteri Nokelainen) at 12:32
Penalties :
Jack Hillen (Pro) for Holding (Minor) at 7:39, Jeff Petry (VJB) for Slashing (Minor) at 16:18
2nd period
3. Punishers , Tanner Glass 19 (Petteri Nokelainen) at 1:38
4. Punishers , Erik Condra 18 (Zach Jones) at 3:21
5. Influenza , Robbie Earl 37 (Martins Karsums, Ryan Carter) at 16:54
Penalties :
Robbie Earl (VJB) for Cross-checking (Minor) at 3:24, Ben Smith (VJB) for Holding Stick (Minor) at 18:07
3rd period
6. Influenza , Oskars Bartulis 1 (Ben Smith, Ryan Russell) at 2:33 (PP)
7. Punishers , Erik Condra 19 (Mike Weber, Adam McQuaid) at 5:29
8. Punishers , Brad Isbister 30 (Éric Perrin, Richard Zednik) at 5:41
9. Punishers , Casey Cizikas 9 (Keaton Ellerby, Kris Chucko) at 6:33
10. Punishers , Mike Grier 27 (Tanner Glass, Petteri Nokelainen) at 9:30
11. Punishers , Petteri Nokelainen 12 (Mike Weber, Adam McQuaid) at 11:15 (PP)
12. Influenza , Noah Welch 5 (Martins Karsums, Ryan Carter) at 12:21
13. Influenza , Ryan Carter 41 (Martins Karsums, Robbie Earl) at 12:55 (PP)
Penalties :
Kris Chucko (Pro) for Hooking (Minor) at 0:45, Jaime Sifers (VJB) for Slashing (Minor) at 2:55, Jaime Sifers (VJB) for Roughing (Minor) at 9:42, Mark Fraser (Pro) for Hooking (Minor) at 12:40, Jack Hillen (Pro) for Fighting (Major) at 15:42, Ben Smith (VJB) for Fighting (Major) at 15:42, Adam Berti (VJB) for Hooking (Minor) at 18:16
Goalie Stats
Alex Stalock (VJB), 22 saves from 27 shots - (0,815), 33:51 minutes
Olivier Roy (VJB), 9 saves from 13 shots - (0,692), L, 3-5-0, 26:09 minutes
Anton Khudobin (Pro), 28 saves from 32 shots - (0,875), W, 7-4-0, 60:00 minutes
Players Stats for Influenza
Player Name G A P +/- PIM S H SB GA TA FO MP PP MP PK MP
------------------------------------------------------------------------------------
Adam Berti 0 0 0 -1 2 1 1 1 1 0 0/0 9:30 0:00 1:46
Andreas Engqvist 0 0 0 -1 0 0 0 1 1 0 5/6 9:59 0:00 2:20
Ben Smith 0 1 1 -1 7 5 3 1 0 1 0/1 13:11 1:32 0:00
Carl Gunnarsson 0 0 0 -2 0 0 1 0 0 0 0/0 19:39 1:56 4:38
Cody McCormick 0 0 0 -1 0 2 1 1 0 0 2/11 17:52 1:32 3:54
Corey Tropp 0 0 0 0 0 0 1 0 0 0 0/0 7:04 0:00 0:00
Eric Wellwood 0 0 0 -3 0 0 1 0 0 0 0/0 10:05 0:00 0:38
Jaime Sifers 0 0 0 -3 4 1 0 3 0 2 0/0 26:56 2:06 4:02
Jeff May 0 0 0 -1 0 1 0 0 0 0 0/0 13:32 0:00 2:32
Jeff Petry 0 0 0 -2 2 0 1 1 0 2 0/0 11:47 0:00 0:00
Jeremy Morin 0 0 0 -3 0 1 2 0 1 0 0/0 9:27 0:00 0:00
Martins Karsums 0 3 3 -1 0 5 1 1 0 0 2/2 23:25 2:30 5:41
Noah Welch 1 0 1 -2 0 2 1 4 2 3 0/0 28:55 2:06 6:34
Oskars Bartulis 1 0 1 -2 0 2 2 1 0 1 0/0 19:39 1:56 4:38
Robbie Earl 1 1 2 -1 2 4 2 1 0 0 7/11 22:32 2:30 4:43
Ryan Carter 1 2 3 -1 0 3 0 1 0 0 10/28 20:11 2:30 3:22
Ryan Russell 0 1 1 -1 0 0 1 0 0 0 1/1 13:52 1:32 0:00
Zac Dalpe 0 0 0 -4 0 5 1 0 1 0 0/2 11:05 0:00 0:00
Players Stats for Punishers
Player Name G A P +/- PIM S H SB GA TA FO MP PP MP PK MP
------------------------------------------------------------------------------------
Adam McQuaid 0 2 2 2 0 4 1 2 0 0 0/0 20:41 3:39 1:54
Adam Pineault 1 0 1 2 0 1 0 1 0 0 0/0 11:20 0:07 0:00
Brad Isbister 1 0 1 0 0 6 4 2 2 0 1/2 23:12 5:28 2:26
Casey Cizikas 1 0 1 2 0 1 1 0 0 0 0/1 10:55 0:00 0:00
Éric Perrin 0 1 1 0 0 8 1 1 0 1 22/38 23:12 5:28 2:26
Erik Condra 2 0 2 1 0 3 0 0 3 0 0/0 7:48 0:00 0:43
Jack Hillen 0 0 0 0 7 2 0 0 0 3 0/0 9:24 0:00 0:15
Jean-François Jacques 0 0 0 0 0 0 0 0 0 0 0/0 0:43 0:00 0:43
Jerry D'Amigo 0 0 0 0 0 0 0 0 0 0 0/0 0:24 0:06 0:00
Keaton Ellerby 0 1 1 4 0 2 1 0 0 1 0/0 30:01 7:33 2:08
Kris Chucko 0 2 2 2 2 0 2 0 1 0 0/0 11:27 0:15 0:00
Lance Bouma 0 0 0 0 0 0 0 0 0 0 0/0 0:00 0:00 0:00
Mark Fraser 0 0 0 4 2 1 1 0 0 1 0/0 26:44 7:33 1:53
Mike Blunden 0 0 0 0 0 0 0 0 0 0 0/0 0:00 0:00 0:00
Mike Grier 2 0 2 3 0 3 1 0 1 0 1/1 16:47 5:37 0:00
Mike Weber 0 3 3 2 0 1 1 2 0 0 0/0 20:22 3:39 1:54
Petteri Nokelainen 1 3 4 3 0 2 3 0 0 0 10/14 16:47 5:37 0:00
Philippe Paradis 0 0 0 1 0 0 0 0 0 0 0/3 7:05 0:00 0:00
Radek Smolenak 0 0 0 1 0 1 1 0 0 0 0/0 7:05 0:00 0:00
Richard Zednik 0 1 1 0 0 1 1 2 0 0 1/2 21:13 5:21 0:53
Simon Despres 0 0 0 0 0 0 1 0 0 0 0/0 3:46 0:00 0:00
Tanner Glass 1 2 3 3 0 4 3 0 2 0 0/1 17:40 5:37 0:53
Troy Bodie 0 0 0 0 0 0 0 0 0 0 0/0 0:00 0:00 0:00
Zach Jones 0 1 1 0 0 0 0 0 0 0 0/0 9:18 0:00 0:00
3 Stars
1 - Petteri Nokelainen (Pro)
2 - Tanner Glass (Pro)
3 - Mike Grier (Pro)
Power Play
Influenza - 2 on 3 Attempt(s) - 66,67%
Punishers - 1 on 6 Attempt(s) - 16,67%
Penalty Kill
Influenza - 5 on 6 Attempt(s) - 83,33%
- Score 0 goal in Penalty Kill
Punishers - 1 on 3 Attempt(s) - 33,33%
- Score 0 goal in Penalty Kill
Team Stat
Influenza - Hits : 19 - Faceoff Wins : 27 - Blocked Shots : 16 - Penalty Minutes : 17
Punishers - Hits : 22 - Faceoff Wins : 35 - Blocked Shots : 10 - Penalty Minutes : 11
Official
Referees : Ciamaga Chris and Meier Brad
Linesman : Jay Sharrers and Don Henderson
Game Notes
Olivier Roy enters game at 3:21 of 2nd period
Alex Stalock enters game at 9:30 of 3rd period
Ben Smith beats up Jack Hillen at 15:42 of 3rd period
Finance
Level 1 -- Attendance: 1432 (71,60%) -- Ticket Income 50 120 $
Level 2 -- Attendance: 808 (80,80%) -- Ticket Income 12 120 $
Total Attendance: 2240 (74,67%)
Total Ticket Income: 62 240 $
Other Income: 3 112 $
Total Income: 65 352 $
Influenza
5 vs 5 Forward
Center Left Wing Right Wing Time % Phy DF OF
1 Ryan Carter Robbie Earl Martins Karsums 40 1 2 2
2 Cody McCormick Ryan Russell Ben Smith 30 1 2 2
3 Zac Dalpe Eric Wellwood Jeremy Morin 20 1 2 2
4 Andreas Engqvist Adam Berti Corey Tropp 10 1 2 2
5 vs 5 Defense
Defense Defense Time % Phy DF OF
1 Noah Welch Jaime Sifers 40 1 2 2
2 Carl Gunnarsson Oskars Bartulis 30 1 2 2
3 Jeff Petry Jeff May 20 1 2 2
4 Noah Welch Jaime Sifers 10 1 2 2
PowerPlay Forward
Center Left Wing Right Wing Time % Phy DF OF
1 Ryan Carter Robbie Earl Martins Karsums 60 1 2 2
2 Cody McCormick Ryan Russell Ben Smith 40 1 2 2
PowerPlay Defense
Defense Defense Time % Phy DF OF
1 Noah Welch Jaime Sifers 60 1 2 2
2 Carl Gunnarsson Oskars Bartulis 40 1 2 2
Penalty Kill 4 Players Forward
Center Wing Time % Phy DF OF
1 Robbie Earl Martins Karsums 60 1 2 2
2 Ryan Carter Cody McCormick 40 1 2 2
Penalty Kill 4 Players Defense
Defense Defense Time % Phy DF OF
1 Noah Welch Jaime Sifers 60 1 2 2
2 Carl Gunnarsson Oskars Bartulis 40 1 2 2
Penalty Kill - 3 Players Forward
Forward Time % Phy DF OF
1 Robbie Earl 60 1 2 2
2 Martins Karsums 40 1 2 2
Penalty Kill - 3 Players Defense
Defense Defense Time % Phy DF OF
1 Noah Welch Jaime Sifers 60 1 2 2
2 Carl Gunnarsson Oskars Bartulis 40 1 2 2
4 vs 4 Forward
Center Wing Time % Phy DF OF
1 Robbie Earl Martins Karsums 60 1 2 2
2 Ryan Carter Cody McCormick 40 1 2 2
4 vs 4 Defense
Defense Defense Time % Phy DF OF
1 Noah Welch Jaime Sifers 60 1 2 2
2 Carl Gunnarsson Oskars Bartulis 40 1 2 2
Last Minutes Offensive
Center Left Wing Right Wing Defense Defense
Ryan Carter Robbie Earl Martins Karsums Noah Welch Jaime Sifers
Last Minutes Defensive
Center Left Wing Right Wing Defense Defense
Ryan Carter Robbie Earl Martins Karsums Noah Welch Jaime Sifers
Goaltenders
Starting : Alex Stalock
Backup : Olivier Roy
Extra Forwards
Normal : Zac Dalpe, Jeremy Morin, Andreas Engqvist - PP : Zac Dalpe, Jeremy Morin - PK : Andreas Engqvist
Extra Defensemen
Normal : Jeff Petry, Jeff May, Carl Gunnarsson - PP : Jeff Petry - PK : Jeff May, Carl Gunnarsson
Penalty Shots
Robbie Earl, Martins Karsums, Ryan Carter, Cody McCormick, Ben Smith
Punishers
5 vs 5 Forward
Center Left Wing Right Wing Time % Phy DF OF
1 Éric Perrin Brad Isbister Richard Zednik 40 1 2 2
2 Petteri Nokelainen Tanner Glass Mike Grier 30 1 2 2
3 Casey Cizikas Kris Chucko Adam Pineault 20 1 2 2
4 Philippe Paradis Radek Smolenak Erik Condra 10 1 2 2
5 vs 5 Defense
Defense Defense Time % Phy DF OF
1 Keaton Ellerby Mark Fraser 40 1 2 2
2 Mike Weber Adam McQuaid 30 1 2 2
3 Zach Jones Jack Hillen 20 1 2 2
4 Simon Despres Keaton Ellerby 10 1 2 2
PowerPlay Forward
Center Left Wing Right Wing Time % Phy DF OF
1 Éric Perrin Brad Isbister Richard Zednik 60 1 2 2
2 Petteri Nokelainen Tanner Glass Mike Grier 40 1 2 2
PowerPlay Defense
Defense Defense Time % Phy DF OF
1 Keaton Ellerby Mark Fraser 60 1 2 2
2 Mike Weber Adam McQuaid 40 1 2 2
Penalty Kill 4 Players Forward
Center Wing Time % Phy DF OF
1 Éric Perrin Brad Isbister 60 1 2 2
2 Richard Zednik Tanner Glass 40 1 2 2
Penalty Kill 4 Players Defense
Defense Defense Time % Phy DF OF
1 Keaton Ellerby Mark Fraser 60 1 2 2
2 Mike Weber Adam McQuaid 40 1 2 2
Penalty Kill - 3 Players Forward
Forward Time % Phy DF OF
1 Éric Perrin 60 1 2 2
2 Brad Isbister 40 1 2 2
Penalty Kill - 3 Players Defense
Defense Defense Time % Phy DF OF
1 Keaton Ellerby Mark Fraser 60 1 2 2
2 Mike Weber Adam McQuaid 40 1 2 2
4 vs 4 Forward
Center Wing Time % Phy DF OF
1 Éric Perrin Brad Isbister 60 1 2 2
2 Richard Zednik Tanner Glass 40 1 2 2
4 vs 4 Defense
Defense Defense Time % Phy DF OF
1 Keaton Ellerby Mark Fraser 60 1 2 2
2 Mike Weber Adam McQuaid 40 1 2 2
Last Minutes Offensive
Center Left Wing Right Wing Defense Defense
Éric Perrin Brad Isbister Richard Zednik Keaton Ellerby Mark Fraser
Last Minutes Defensive
Center Left Wing Right Wing Defense Defense
Éric Perrin Brad Isbister Richard Zednik Keaton Ellerby Mark Fraser
Goaltenders
Starting : Anton Khudobin
Backup : Kevin Poulin
Extra Forwards
Normal : Kris Chucko, Adam Pineault, Erik Condra - PP : Kris Chucko, Adam Pineault - PK : Erik Condra
Extra Defensemen
Normal : Zach Jones, Jack Hillen, Simon Despres - PP : Zach Jones - PK : Jack Hillen, Simon Despres
Penalty Shots
Éric Perrin, Brad Isbister, Richard Zednik, Tanner Glass, Kris Chucko
% Time on Ice - Influenza
Lines # - Real PCT - Wanted PCT - Time Play
Normal Forward
1 - 36% - 40% - 15:55
2 - 28% - 30% - 12:20
3 - 21% - 20% - 9:27
4 - 16% - 10% - 7:04
Normal Defense
1 - 43% - 40% - 19:20
2 - 29% - 30% - 12:56
3 - 25% - 20% - 11:00
4 - 3% - 10% - 1:30
PP Forward
1 - 62% - 60% - 2:30
2 - 38% - 40% - 1:32
PP Defense
1 - 52% - 60% - 2:06
2 - 48% - 40% - 1:56
PK Forward
1 - 73% - 60% - 8:11
2 - 27% - 40% - 3:01
PK Defense
1 - 59% - 60% - 6:39
2 - 41% - 40% - 4:33
PK3 Forward
1 - 0% - 60%
2 - 0% - 40%
PK3 Defense
1 - 0% - 60%
2 - 0% - 40%
44 Forward
1 - 0% - 60%
2 - 0% - 40%
44 Defense
1 - 0% - 60%
2 - 0% - 40%
Last Minute Offensive - 0:00
Last Minute Defensive - 0:00
Total
Forward - 60:00
Defense - 60:00
|
% Time on Ice - Punishers
Lines # - Real PCT - Wanted PCT - Time Play
Normal Forward
1 - 35% - 40% - 15:36
2 - 25% - 30% - 11:10
3 - 24% - 20% - 10:55
4 - 16% - 10% - 7:05
Normal Defense
1 - 39% - 40% - 17:19
2 - 33% - 30% - 14:49
3 - 21% - 20% - 9:18
4 - 7% - 10% - 3:20
PP Forward
1 - 50% - 60% - 5:35
2 - 50% - 40% - 5:37
PP Defense
1 - 67% - 60% - 7:33
2 - 33% - 40% - 3:39
PK Forward
1 - 78% - 60% - 3:09
2 - 22% - 40% - 0:53
PK Defense
1 - 53% - 60% - 2:08
2 - 47% - 40% - 1:54
PK3 Forward
1 - 0% - 60%
2 - 0% - 40%
PK3 Defense
1 - 0% - 60%
2 - 0% - 40%
44 Forward
1 - 0% - 60%
2 - 0% - 40%
44 Defense
1 - 0% - 60%
2 - 0% - 40%
Last Minute Offensive - 0:00
Last Minute Defensive - 0:00
Total
Forward - 60:00
Defense - 60:00
|
Play by Play
1st period
0:01 of 1st period - Éric Perrin wins face-off versus Ryan Carter in neutral zone.
0:12 of 1st period - Wrist shot by Éric Perrin.
0:12 of 1st period - Stopped by Alex Stalock with a rebound.
0:16 of 1st period - Snap shot by Brad Isbister.
0:16 of 1st period - Shot Misses the Net.
0:26 of 1st period - Noah Welch is hit by Mike Grier and loses puck.
1:11 of 1st period - Snap shot by Erik Condra.
1:11 of 1st period - Shot Misses the Net.
1:35 of 1st period - Snap shot by Brad Isbister.
1:35 of 1st period - Stopped by Alex Stalock without a rebound.
1:36 of 1st period - Petteri Nokelainen wins face-off versus Cody McCormick in Influenza zone.
2:01 of 1st period - Ryan Carter is hit by Brad Isbister.
2:31 of 1st period - Wrist shot by Adam Pineault.
2:31 of 1st period - Shot Misses the Net.
3:05 of 1st period - Carl Gunnarsson is hit by Simon Despres and loses puck.
4:12 of 1st period - Zach Jones is hit by Cody McCormick and loses puck.
4:26 of 1st period - Off-side.
4:27 of 1st period - Petteri Nokelainen wins face-off versus Ryan Carter in neutral zone.
4:42 of 1st period - Snap shot by Tanner Glass.
4:42 of 1st period - Shot Hit the Post.
4:52 of 1st period - Éric Perrin is hit by Ben Smith and loses puck.
4:59 of 1st period - Wrist shot by Ben Smith.
4:59 of 1st period - Shot Misses the Net.
5:01 of 1st period - Snap shot by Jeff May.
5:01 of 1st period - Deflect By Brad Isbister.
5:01 of 1st period - Stopped by Anton Khudobin with a rebound.
5:03 of 1st period - Wrist shot by Ben Smith.
5:03 of 1st period - Stopped by Anton Khudobin with a rebound.
5:13 of 1st period - Snap shot by Adam Pineault.
5:13 of 1st period - Goal by Adam Pineault - Influenza : 0 - Punishers : 1.
5:14 of 1st period - Éric Perrin wins face-off versus Ryan Carter in neutral zone.
5:39 of 1st period - Jaime Sifers is hit by Tanner Glass and loses puck.
6:16 of 1st period - Adam Berti is hit by Radek Smolenak.
6:46 of 1st period - Slapshot by Martins Karsums.
6:46 of 1st period - Stopped by Anton Khudobin with a rebound.
7:10 of 1st period - Wrist shot by Corey Tropp.
7:10 of 1st period - Shot Misses the Net.
7:30 of 1st period - Zach Jones is hit by Jeff Petry and loses puck.
7:35 of 1st period - Backhand shot by Zac Dalpe.
7:35 of 1st period - Stopped by Anton Khudobin without a rebound.
7:36 of 1st period - Éric Perrin wins face-off versus Ryan Carter in Punishers zone.
7:36 of 1st period - Éric Perrin is hit by Robbie Earl.
7:39 of 1st period - Minor Penalty to Jack Hillen for Holding.
7:40 of 1st period - Éric Perrin wins face-off versus Ryan Carter in Punishers zone.
7:50 of 1st period - Snap shot by Robbie Earl.
7:50 of 1st period - Shot Blocked by Brad Isbister.
7:52 of 1st period - Wrist shot by Ryan Carter.
7:52 of 1st period - Shot Blocked by Éric Perrin.
7:54 of 1st period - Slapshot by Noah Welch.
7:54 of 1st period - Stopped by Anton Khudobin without a rebound.
7:55 of 1st period - Éric Perrin wins face-off versus Ryan Carter in Punishers zone.
8:27 of 1st period - Richard Zednik is hit by Ben Smith.
8:57 of 1st period - Éric Perrin is hit by Ben Smith and loses puck.
9:39 of 1st period - Penalty to Jack Hillen is over, Jack Hillen is back on ice.
9:43 of 1st period - Wrist shot by Brad Isbister.
9:43 of 1st period - Shot Misses the Net.
9:55 of 1st period - Backhand shot by Jeremy Morin.
9:55 of 1st period - Shot Misses the Net.
9:57 of 1st period - Wrist shot by Jeremy Morin.
9:57 of 1st period - Stopped by Anton Khudobin without a rebound.
9:58 of 1st period - Andreas Engqvist wins face-off versus Petteri Nokelainen in Punishers zone.
10:23 of 1st period - Jaime Sifers is hit by Kris Chucko and loses puck.
11:05 of 1st period - Wrist shot by Robbie Earl.
11:05 of 1st period - Shot Misses the Net.
11:27 of 1st period - Carl Gunnarsson is hit by Brad Isbister and loses puck.
12:07 of 1st period - Snap shot by Ben Smith.
12:07 of 1st period - Shot Blocked by Mike Weber.
12:28 of 1st period - Wrist shot by Éric Perrin.
12:28 of 1st period - Stopped by Alex Stalock without a rebound.
12:29 of 1st period - Petteri Nokelainen wins face-off versus Ryan Carter in Influenza zone.
12:32 of 1st period - Snap shot by Mike Grier.
12:32 of 1st period - Goal by Mike Grier - Influenza : 0 - Punishers : 2.
12:33 of 1st period - Martins Karsums wins face-off versus Éric Perrin in neutral zone.
13:46 of 1st period - Snap shot by Richard Zednik.
13:46 of 1st period - Shot Misses the Net.
13:48 of 1st period - Slapshot by Jack Hillen.
13:48 of 1st period - Stopped by Alex Stalock with a rebound.
13:50 of 1st period - Snap shot by Brad Isbister.
13:50 of 1st period - Stopped by Alex Stalock with a rebound.
13:52 of 1st period - Slapshot by Jack Hillen.
13:52 of 1st period - Stopped by Alex Stalock with a rebound.
14:23 of 1st period - Snap shot by Cody McCormick.
14:23 of 1st period - Stopped by Anton Khudobin with a rebound.
14:25 of 1st period - Wrist shot by Ryan Russell.
14:25 of 1st period - Shot Misses the Net.
15:09 of 1st period - Wrist shot by Robbie Earl.
15:09 of 1st period - Deflect By Ryan Carter.
15:09 of 1st period - Shot Misses the Net.
15:09 of 1st period - Puck is out of play.
15:10 of 1st period - Éric Perrin wins face-off versus Ryan Carter in Punishers zone.
15:30 of 1st period - Snap shot by Richard Zednik.
15:30 of 1st period - Shot Blocked by Jaime Sifers.
15:36 of 1st period - Snap shot by Éric Perrin.
15:36 of 1st period - Stopped by Alex Stalock without a rebound.
15:37 of 1st period - Petteri Nokelainen wins face-off versus Ben Smith in Influenza zone.
15:38 of 1st period - Snap shot by Tanner Glass.
15:38 of 1st period - Stopped by Alex Stalock with a rebound.
15:50 of 1st period - Snap shot by Ben Smith.
15:50 of 1st period - Shot Misses the Net.
16:18 of 1st period - Minor Penalty to Jeff Petry for Slashing.
16:19 of 1st period - Robbie Earl wins face-off versus Éric Perrin in Influenza zone.
16:30 of 1st period - Wrist shot by Robbie Earl.
16:30 of 1st period - Deflect By Martins Karsums.
16:30 of 1st period - Stopped by Anton Khudobin with a rebound.
17:06 of 1st period - Snap shot by Ryan Carter.
17:06 of 1st period - Stopped by Anton Khudobin with a rebound.
17:50 of 1st period - Snap shot by Mike Grier.
17:50 of 1st period - Shot Misses the Net.
17:52 of 1st period - Slapshot by Mark Fraser.
17:52 of 1st period - Shot Blocked by Andreas Engqvist.
18:14 of 1st period - Wrist shot by Tanner Glass.
18:14 of 1st period - Stopped by Alex Stalock without a rebound.
18:15 of 1st period - Éric Perrin wins face-off versus Robbie Earl in Influenza zone.
18:18 of 1st period - Penalty to Jeff Petry is over, Jeff Petry is back on ice.
18:22 of 1st period - Wrist shot by Brad Isbister.
18:22 of 1st period - Stopped by Alex Stalock with a rebound.
18:24 of 1st period - Wrist shot by Éric Perrin.
18:24 of 1st period - Stopped by Alex Stalock with a rebound.
18:26 of 1st period - Slapshot by Éric Perrin.
18:26 of 1st period - Shot Misses the Net.
18:28 of 1st period - Wrist shot by Brad Isbister.
18:28 of 1st period - Shot Misses the Net.
18:30 of 1st period - Wrist shot by Adam McQuaid.
18:30 of 1st period - Deflect By Brad Isbister.
18:30 of 1st period - Stopped by Alex Stalock with a rebound.
18:45 of 1st period - Adam McQuaid is hit by Zac Dalpe.
19:22 of 1st period - Noah Welch is hit by Brad Isbister and loses puck.
19:29 of 1st period - Slapshot by Richard Zednik.
19:29 of 1st period - Stopped by Alex Stalock with a rebound.
19:31 of 1st period - Snap shot by Adam McQuaid.
19:31 of 1st period - Stopped by Alex Stalock with a rebound.
19:59 of 1st period - Adam McQuaid is hit by Oskars Bartulis and loses puck.
Goals for this period are 0 for Influenza vs 2 for Punishers.
Shots for this period are 9 for Influenza vs 16 for Punishers.
2nd period
0:01 of 2nd period - Éric Perrin wins face-off versus Ryan Carter in neutral zone.
0:04 of 2nd period - Wrist shot by Richard Zednik.
0:04 of 2nd period - Shot Misses the Net.
0:26 of 2nd period - Ryan Carter is hit by Casey Cizikas and loses puck.
0:31 of 2nd period - Snap shot by Adam Pineault.
0:31 of 2nd period - Shot Misses the Net.
0:47 of 2nd period - Wrist shot by Ryan Carter.
0:47 of 2nd period - Stopped by Anton Khudobin with a rebound.
0:49 of 2nd period - Slapshot by Jaime Sifers.
0:49 of 2nd period - Shot Misses the Net.
0:51 of 2nd period - Slapshot by Jaime Sifers.
0:51 of 2nd period - Shot Blocked by Adam McQuaid.
1:05 of 2nd period - Wrist shot by Ryan Carter.
1:05 of 2nd period - Deflect By Adam Pineault.
1:05 of 2nd period - Shot Misses the Net.
1:05 of 2nd period - Puck is out of play.
1:06 of 2nd period - Cody McCormick wins face-off versus Richard Zednik in Punishers zone.
1:38 of 2nd period - Wrist shot by Tanner Glass.
1:38 of 2nd period - Goal by Tanner Glass - Influenza : 0 - Punishers : 3.
1:39 of 2nd period - Éric Perrin wins face-off versus Cody McCormick in neutral zone.
2:43 of 2nd period - Off-side.
2:44 of 2nd period - Andreas Engqvist wins face-off versus Philippe Paradis in neutral zone.
2:47 of 2nd period - Slapshot by Corey Tropp.
2:47 of 2nd period - Deflect By Andreas Engqvist.
2:47 of 2nd period - Shot Misses the Net.
2:47 of 2nd period - Puck is out of play.
2:48 of 2nd period - Andreas Engqvist wins face-off versus Philippe Paradis in Punishers zone.
2:57 of 2nd period - Jack Hillen is hit by Adam Berti.
3:21 of 2nd period - Snap shot by Erik Condra.
3:21 of 2nd period - Goal by Erik Condra - Influenza : 0 - Punishers : 4.
3:21 of 2nd period - Olivier Roy enters game.
3:22 of 2nd period - Ryan Carter wins face-off versus Éric Perrin in neutral zone.
3:24 of 2nd period - Minor Penalty to Robbie Earl for Cross-checking.
3:25 of 2nd period - Andreas Engqvist wins face-off versus Éric Perrin in Influenza zone.
5:24 of 2nd period - Penalty to Robbie Earl is over, Robbie Earl is back on ice.
7:03 of 2nd period - Ben Smith is hit by Mike Weber and loses puck.
7:24 of 2nd period - Kris Chucko is hit by Jeremy Morin and loses puck.
7:35 of 2nd period - Ryan Carter is hit by Richard Zednik and loses puck.
8:20 of 2nd period - Adam Pineault is hit by Eric Wellwood and loses puck.
8:25 of 2nd period - Wrist shot by Jeremy Morin.
8:25 of 2nd period - Deflect By Eric Wellwood.
8:25 of 2nd period - Shot Misses the Net.
8:25 of 2nd period - Puck is out of play.
8:26 of 2nd period - Éric Perrin wins face-off versus Zac Dalpe in Punishers zone.
8:30 of 2nd period - Icing by Mike Weber.
8:31 of 2nd period - Éric Perrin wins face-off versus Cody McCormick in Punishers zone.
8:42 of 2nd period - Wrist shot by Brad Isbister.
8:42 of 2nd period - Shot Blocked by Noah Welch.
8:44 of 2nd period - Slapshot by Brad Isbister.
8:44 of 2nd period - Shot Misses the Net.
8:46 of 2nd period - Slapshot by Adam McQuaid.
8:46 of 2nd period - Stopped by Olivier Roy with a rebound.
9:04 of 2nd period - Wrist shot by Jaime Sifers.
9:04 of 2nd period - Shot Blocked by Adam Pineault.
9:06 of 2nd period - Snap shot by Cody McCormick.
9:06 of 2nd period - Shot Misses the Net.
9:08 of 2nd period - Snap shot by Cody McCormick.
9:08 of 2nd period - Stopped by Anton Khudobin with a rebound.
9:10 of 2nd period - Snap shot by Ben Smith.
9:10 of 2nd period - Stopped by Anton Khudobin without a rebound.
9:11 of 2nd period - Ryan Carter wins face-off versus Éric Perrin in Punishers zone.
9:44 of 2nd period - Slapshot by Mike Grier.
9:44 of 2nd period - Shot Misses the Net.
9:46 of 2nd period - Slapshot by Keaton Ellerby.
9:46 of 2nd period - Stopped by Olivier Roy without a rebound.
9:47 of 2nd period - Petteri Nokelainen wins face-off versus Cody McCormick in Influenza zone.
10:17 of 2nd period - Cody McCormick is hit by Kris Chucko and loses puck.
10:24 of 2nd period - Wrist shot by Adam Pineault.
10:24 of 2nd period - Shot Misses the Net.
10:43 of 2nd period - Backhand shot by Richard Zednik.
10:43 of 2nd period - Shot Blocked by Ryan Carter.
10:53 of 2nd period - Snap shot by Zac Dalpe.
10:53 of 2nd period - Shot Misses the Net.
11:17 of 2nd period - Slapshot by Petteri Nokelainen.
11:17 of 2nd period - Stopped by Olivier Roy with a rebound.
11:23 of 2nd period - Snap shot by Mike Grier.
11:23 of 2nd period - Shot Misses the Net.
11:33 of 2nd period - Andreas Engqvist is hit by Brad Isbister and loses puck.
11:44 of 2nd period - Wrist shot by Éric Perrin.
11:44 of 2nd period - Stopped by Olivier Roy without a rebound.
11:45 of 2nd period - Petteri Nokelainen wins face-off versus Ryan Carter in Influenza zone.
12:35 of 2nd period - Snap shot by Zac Dalpe.
12:35 of 2nd period - Stopped by Anton Khudobin with a rebound.
12:37 of 2nd period - Wrist shot by Eric Wellwood.
12:37 of 2nd period - Deflect By Zac Dalpe.
12:37 of 2nd period - Stopped by Anton Khudobin with a rebound.
12:39 of 2nd period - Slapshot by Eric Wellwood.
12:39 of 2nd period - Shot Misses the Net.
13:19 of 2nd period - Radek Smolenak is hit by Robbie Earl and loses puck.
13:24 of 2nd period - Wrist shot by Martins Karsums.
13:24 of 2nd period - Stopped by Anton Khudobin without a rebound.
13:25 of 2nd period - Martins Karsums wins face-off versus Éric Perrin in Punishers zone.
14:00 of 2nd period - Snap shot by Mike Grier.
14:00 of 2nd period - Stopped by Olivier Roy with a rebound.
14:02 of 2nd period - Slapshot by Mark Fraser.
14:02 of 2nd period - Shot Misses the Net.
14:04 of 2nd period - Wrist shot by Tanner Glass.
14:04 of 2nd period - Stopped by Olivier Roy with a rebound.
14:06 of 2nd period - Wrist shot by Mike Grier.
14:06 of 2nd period - Shot Blocked by Cody McCormick.
14:08 of 2nd period - Slapshot by Mark Fraser.
14:08 of 2nd period - Shot Blocked by Jeff Petry.
14:48 of 2nd period - Snap shot by Adam Berti.
14:48 of 2nd period - Stopped by Anton Khudobin with a rebound.
15:10 of 2nd period - Snap shot by Ryan Carter.
15:10 of 2nd period - Shot Blocked by Richard Zednik.
15:12 of 2nd period - Wrist shot by Robbie Earl.
15:12 of 2nd period - Stopped by Anton Khudobin without a rebound.
15:13 of 2nd period - Petteri Nokelainen wins face-off versus Cody McCormick in Punishers zone.
15:17 of 2nd period - Off-side.
15:18 of 2nd period - Petteri Nokelainen wins face-off versus Cody McCormick in neutral zone.
15:21 of 2nd period - Slapshot by Mike Weber.
15:21 of 2nd period - Shot Blocked by Noah Welch.
15:23 of 2nd period - Slapshot by Mike Weber.
15:23 of 2nd period - Shot Misses the Net.
15:27 of 2nd period - Slapshot by Mike Grier.
15:27 of 2nd period - Deflect By Jaime Sifers.
15:27 of 2nd period - Shot Misses the Net.
15:27 of 2nd period - Puck is out of play.
15:28 of 2nd period - Ryan Carter wins face-off versus Éric Perrin in Influenza zone.
15:28 of 2nd period - Ryan Carter is hit by Éric Perrin.
15:55 of 2nd period - Cody McCormick is hit by Tanner Glass and loses puck.
16:02 of 2nd period - Wrist shot by Tanner Glass.
16:02 of 2nd period - Shot Blocked by Ben Smith.
16:18 of 2nd period - Adam Pineault is hit by Jeremy Morin and loses puck.
16:50 of 2nd period - Icing by Erik Condra.
16:51 of 2nd period - Ryan Carter wins face-off versus Philippe Paradis in Punishers zone.
16:52 of 2nd period - Wrist shot by Robbie Earl.
16:52 of 2nd period - Stopped by Anton Khudobin with a rebound.
16:54 of 2nd period - Wrist shot by Martins Karsums.
16:54 of 2nd period - Deflect By Robbie Earl.
16:54 of 2nd period - Goal by Robbie Earl - Influenza : 1 - Punishers : 4.
16:55 of 2nd period - Éric Perrin wins face-off versus Ryan Carter in neutral zone.
17:33 of 2nd period - Slapshot by Zac Dalpe.
17:33 of 2nd period - Stopped by Anton Khudobin with a rebound.
17:44 of 2nd period - Wrist shot by Brad Isbister.
17:44 of 2nd period - Shot Misses the Net.
17:46 of 2nd period - Wrist shot by Brad Isbister.
17:46 of 2nd period - Shot Misses the Net.
17:48 of 2nd period - Slapshot by Keaton Ellerby.
17:48 of 2nd period - Stopped by Olivier Roy with a rebound.
17:50 of 2nd period - Snap shot by Éric Perrin.
17:50 of 2nd period - Stopped by Olivier Roy with a rebound.
18:07 of 2nd period - Minor Penalty to Ben Smith for Holding Stick.
18:08 of 2nd period - Robbie Earl wins face-off versus Petteri Nokelainen in Influenza zone.
18:08 of 2nd period - Robbie Earl is hit by Petteri Nokelainen.
18:23 of 2nd period - Wrist shot by Martins Karsums.
18:23 of 2nd period - Stopped by Anton Khudobin without a rebound.
18:24 of 2nd period - Robbie Earl wins face-off versus Petteri Nokelainen in Punishers zone.
Goals for this period are 1 for Influenza vs 2 for Punishers.
Shots for this period are 12 for Influenza vs 10 for Punishers.
3rd period
0:01 of 3rd period - Robbie Earl wins face-off versus Éric Perrin in neutral zone.
0:07 of 3rd period - Penalty to Ben Smith is over, Ben Smith is back on ice.
0:26 of 3rd period - Eric Wellwood is hit by Keaton Ellerby and loses puck.
0:45 of 3rd period - Minor Penalty to Kris Chucko for Hooking.
0:46 of 3rd period - Éric Perrin wins face-off versus Ryan Carter in Punishers zone.
1:19 of 3rd period - Slapshot by Noah Welch.
1:19 of 3rd period - Shot Blocked by Adam McQuaid.
1:21 of 3rd period - Snap shot by Ben Smith.
1:21 of 3rd period - Stopped by Anton Khudobin with a rebound.
1:23 of 3rd period - Snap shot by Cody McCormick.
1:23 of 3rd period - Shot Misses the Net.
1:25 of 3rd period - Wrist shot by Ben Smith.
1:25 of 3rd period - Stopped by Anton Khudobin with a rebound.
2:15 of 3rd period - Icing by Carl Gunnarsson.
2:16 of 3rd period - Éric Perrin wins face-off versus Ryan Carter in Influenza zone.
2:31 of 3rd period - Wrist shot by Ben Smith.
2:31 of 3rd period - Shot Misses the Net.
2:33 of 3rd period - Slapshot by Oskars Bartulis.
2:33 of 3rd period - Goal by Oskars Bartulis - Influenza : 2 - Punishers : 4.
2:34 of 3rd period - Mike Grier wins face-off versus Cody McCormick in neutral zone.
2:55 of 3rd period - Minor Penalty to Jaime Sifers for Slashing.
2:56 of 3rd period - Robbie Earl wins face-off versus Éric Perrin in Influenza zone.
3:21 of 3rd period - Mark Fraser is hit by Noah Welch and loses puck.
3:26 of 3rd period - Wrist shot by Ryan Carter.
3:26 of 3rd period - Shot Misses the Net.
3:36 of 3rd period - Keaton Ellerby is hit by Carl Gunnarsson and loses puck.
4:55 of 3rd period - Penalty to Jaime Sifers is over, Jaime Sifers is back on ice.
5:03 of 3rd period - Jaime Sifers is hit by Adam McQuaid.
5:07 of 3rd period - Slapshot by Oskars Bartulis.
5:07 of 3rd period - Stopped by Anton Khudobin with a rebound.
5:27 of 3rd period - Slapshot by Adam McQuaid.
5:27 of 3rd period - Shot Blocked by Jaime Sifers.
5:29 of 3rd period - Wrist shot by Mike Weber.
5:29 of 3rd period - Deflect By Erik Condra.
5:29 of 3rd period - Goal by Erik Condra - Influenza : 2 - Punishers : 5.
5:30 of 3rd period - Éric Perrin wins face-off versus Ryan Carter in neutral zone.
5:37 of 3rd period - Snap shot by Brad Isbister.
5:37 of 3rd period - Shot Blocked by Noah Welch.
5:39 of 3rd period - Wrist shot by Brad Isbister.
5:39 of 3rd period - Stopped by Olivier Roy with a rebound.
5:41 of 3rd period - Slapshot by Brad Isbister.
5:41 of 3rd period - Goal by Brad Isbister - Influenza : 2 - Punishers : 6.
5:42 of 3rd period - Ryan Carter wins face-off versus Brad Isbister in neutral zone.
6:26 of 3rd period - Slapshot by Zac Dalpe.
6:26 of 3rd period - Stopped by Anton Khudobin with a rebound.
6:33 of 3rd period - Snap shot by Casey Cizikas.
6:33 of 3rd period - Goal by Casey Cizikas - Influenza : 2 - Punishers : 7.
6:34 of 3rd period - Éric Perrin wins face-off versus Ryan Carter in neutral zone.
7:44 of 3rd period - Icing by Casey Cizikas.
7:45 of 3rd period - Andreas Engqvist wins face-off versus Casey Cizikas in Punishers zone.
8:49 of 3rd period - Off-side.
8:50 of 3rd period - Petteri Nokelainen wins face-off versus Zac Dalpe in neutral zone.
9:28 of 3rd period - Snap shot by Tanner Glass.
9:28 of 3rd period - Shot Misses the Net.
9:30 of 3rd period - Wrist shot by Mike Grier.
9:30 of 3rd period - Goal by Mike Grier - Influenza : 2 - Punishers : 8.
9:30 of 3rd period - Alex Stalock enters game.
9:31 of 3rd period - Éric Perrin wins face-off versus Ryan Carter in neutral zone.
9:40 of 3rd period - Wrist shot by Brad Isbister.
9:40 of 3rd period - Shot Blocked by Noah Welch.
9:42 of 3rd period - Minor Penalty to Jaime Sifers for Roughing.
9:43 of 3rd period - Éric Perrin wins face-off versus Robbie Earl in Influenza zone.
9:50 of 3rd period - Wrist shot by Éric Perrin.
9:50 of 3rd period - Stopped by Alex Stalock without a rebound.
9:51 of 3rd period - Éric Perrin wins face-off versus Robbie Earl in Influenza zone.
9:52 of 3rd period - Snap shot by Richard Zednik.
9:52 of 3rd period - Deflect By Brad Isbister.
9:52 of 3rd period - Shot Blocked by Robbie Earl.
9:52 of 3rd period - Puck is out of play.
9:53 of 3rd period - Robbie Earl wins face-off versus Éric Perrin in Influenza zone.
11:00 of 3rd period - Snap shot by Richard Zednik.
11:00 of 3rd period - Shot Misses the Net.
11:02 of 3rd period - Slapshot by Mark Fraser.
11:02 of 3rd period - Stopped by Alex Stalock without a rebound.
11:03 of 3rd period - Robbie Earl wins face-off versus Petteri Nokelainen in Influenza zone.
11:03 of 3rd period - Robbie Earl is hit by Petteri Nokelainen.
11:13 of 3rd period - Wrist shot by Mike Weber.
11:13 of 3rd period - Shot Blocked by Oskars Bartulis.
11:15 of 3rd period - Wrist shot by Petteri Nokelainen.
11:15 of 3rd period - Goal by Petteri Nokelainen - Influenza : 2 - Punishers : 9.
11:16 of 3rd period - Petteri Nokelainen wins face-off versus Ryan Carter in neutral zone.
11:25 of 3rd period - Mike Weber is hit by Martins Karsums and loses puck.
12:11 of 3rd period - Wrist shot by Ben Smith.
12:11 of 3rd period - Stopped by Anton Khudobin without a rebound.
12:12 of 3rd period - Ryan Carter wins face-off versus Éric Perrin in Punishers zone.
12:13 of 3rd period - Wrist shot by Robbie Earl.
12:13 of 3rd period - Shot Blocked by Mike Weber.
12:15 of 3rd period - Snap shot by Noah Welch.
12:15 of 3rd period - Shot Blocked by Brad Isbister.
12:17 of 3rd period - Snap shot by Robbie Earl.
12:17 of 3rd period - Stopped by Anton Khudobin without a rebound.
12:18 of 3rd period - Ryan Carter wins face-off versus Éric Perrin in Punishers zone.
12:19 of 3rd period - Snap shot by Martins Karsums.
12:19 of 3rd period - Shot Misses the Net.
12:21 of 3rd period - Slapshot by Noah Welch.
12:21 of 3rd period - Goal by Noah Welch - Influenza : 3 - Punishers : 9.
12:22 of 3rd period - Brad Isbister wins face-off versus Ryan Carter in neutral zone.
12:40 of 3rd period - Minor Penalty to Mark Fraser for Hooking.
12:41 of 3rd period - Ryan Carter wins face-off versus Éric Perrin in Punishers zone.
12:43 of 3rd period - Snap shot by Martins Karsums.
12:43 of 3rd period - Stopped by Anton Khudobin with a rebound.
12:45 of 3rd period - Slapshot by Jaime Sifers.
12:45 of 3rd period - Shot Misses the Net.
12:53 of 3rd period - Snap shot by Martins Karsums.
12:53 of 3rd period - Shot Misses the Net.
12:55 of 3rd period - Wrist shot by Ryan Carter.
12:55 of 3rd period - Goal by Ryan Carter - Influenza : 4 - Punishers : 9.
12:56 of 3rd period - Ryan Carter wins face-off versus Éric Perrin in neutral zone.
13:07 of 3rd period - Snap shot by Robbie Earl.
13:07 of 3rd period - Shot Misses the Net.
13:21 of 3rd period - Robbie Earl is hit by Mark Fraser and loses puck.
13:34 of 3rd period - Slapshot by Adam Pineault.
13:34 of 3rd period - Shot Misses the Net.
14:10 of 3rd period - Wrist shot by Éric Perrin.
14:10 of 3rd period - Shot Misses the Net.
14:12 of 3rd period - Snap shot by Richard Zednik.
14:12 of 3rd period - Shot Misses the Net.
14:14 of 3rd period - Snap shot by Simon Despres.
14:14 of 3rd period - Shot Blocked by Jaime Sifers.
14:16 of 3rd period - Snap shot by Brad Isbister.
14:16 of 3rd period - Shot Blocked by Martins Karsums.
14:30 of 3rd period - Slapshot by Jaime Sifers.
14:30 of 3rd period - Shot Misses the Net.
15:18 of 3rd period - Wrist shot by Corey Tropp.
15:18 of 3rd period - Shot Misses the Net.
15:30 of 3rd period - Slapshot by Erik Condra.
15:30 of 3rd period - Stopped by Alex Stalock with a rebound.
15:32 of 3rd period - Slapshot by Philippe Paradis.
15:32 of 3rd period - Shot Misses the Net.
15:34 of 3rd period - Wrist shot by Radek Smolenak.
15:34 of 3rd period - Stopped by Alex Stalock without a rebound.
15:35 of 3rd period - Cody McCormick wins face-off versus Tanner Glass in Influenza zone.
15:35 of 3rd period - Cody McCormick is hit by Petteri Nokelainen.
15:42 of 3rd period - Ben Smith beats up Jack Hillen.
15:42 of 3rd period - Penalty to Jack Hillen for Fighting.
15:42 of 3rd period - Penalty to Ben Smith for Fighting.
15:43 of 3rd period - Ryan Russell wins face-off versus Éric Perrin in Punishers zone.
15:48 of 3rd period - Wrist shot by Ryan Russell.
15:48 of 3rd period - Shot Blocked by Richard Zednik.
16:38 of 3rd period - Slapshot by Jaime Sifers.
16:38 of 3rd period - Stopped by Anton Khudobin without a rebound.
16:39 of 3rd period - Éric Perrin wins face-off versus Cody McCormick in Punishers zone.
16:39 of 3rd period - Éric Perrin is hit by Oskars Bartulis.
16:45 of 3rd period - Slapshot by Adam McQuaid.
16:45 of 3rd period - Stopped by Alex Stalock with a rebound.
16:47 of 3rd period - Backhand shot by Mike Weber.
16:47 of 3rd period - Deflect By Oskars Bartulis.
16:47 of 3rd period - Stopped by Alex Stalock without a rebound.
16:48 of 3rd period - Richard Zednik wins face-off versus Cody McCormick in Influenza zone.
16:51 of 3rd period - Wrist shot by Brad Isbister.
16:51 of 3rd period - Shot Misses the Net.
16:53 of 3rd period - Slapshot by Éric Perrin.
16:53 of 3rd period - Stopped by Alex Stalock with a rebound.
16:55 of 3rd period - Snap shot by Adam McQuaid.
16:55 of 3rd period - Stopped by Alex Stalock without a rebound.
16:56 of 3rd period - Ryan Carter wins face-off versus Éric Perrin in Influenza zone.
17:30 of 3rd period - Mike Grier is hit by Ryan Russell and loses puck.
17:50 of 3rd period - Icing by Noah Welch.
17:51 of 3rd period - Éric Perrin wins face-off versus Andreas Engqvist in Influenza zone.
17:52 of 3rd period - Snap shot by Brad Isbister.
17:52 of 3rd period - Shot Blocked by Adam Berti.
18:04 of 3rd period - Zach Jones is hit by Corey Tropp and loses puck.
18:16 of 3rd period - Minor Penalty to Adam Berti for Hooking.
18:17 of 3rd period - Éric Perrin wins face-off versus Robbie Earl in Influenza zone.
18:43 of 3rd period - Robbie Earl is hit by Tanner Glass.
Goals for this period are 3 for Influenza vs 5 for Punishers.
Shots for this period are 11 for Influenza vs 14 for Punishers.
Output by the SimonT Hockey Simulator (STHS) for François Prévost -- Original Page W3C XHTML 1.0 Valid